 Dungeon Crawl Stone Soup version 0.25-a0-528-g6b7c99946c (webtiles) character file.

Game seed: 16783510750058407092, levelgen mode: deterministic

2977 Lugonue the Cleaver (level 9, -19/74 HPs)
             Began as a Hill Orc Gladiator on Feb 19, 2020.
             Demolished by Harold
             ... wielding a +2 dire flail of holy wrath
              (23 damage)
             ... on level 9 of the Dungeon.
             The game lasted 00:07:53 (4639 turns).

Lugonue the Cleaver (Hill Orc Gladiator)            Turns: 4639, Time: 00:07:53

Health: -19/74     AC:  9    Str: 23    XL:     9   Next: 82%
Magic:  9/9        EV:  8    Int:  8    God:
Gold:   108        SH: 13    Dex: 12    Spells: 8/8 levels left

rFire    + + .     SeeInvis .   z - +10 hand axe of World Downfall {freeze, *Noise rElec rN+}
rCold    + + .     Gourm    +   w - +0 tower shield
rNeg     + . .     Faith    .   n - +0 swamp dragon scales
rPois    +         Spirit   .   c - +0 helmet
rElec    +         Reflect  .   i - scarf {rC+ rF+}
rCorr    +         Harm     .   (no gloves)
MR       .....                  (no boots)
Stlth    +.........             B - amulet of the gourmand
HPRegen  0.22/turn              h - +3 ring of strength
MPRegen  0.11/turn              (no ring)

@: resistant, marked, very slightly contaminated, invisible
A: no striking features
a: no special abilities


You were on level 9 of the Dungeon.
You were not hungry.

You visited 1 branch of the dungeon, and saw 8 of its levels.

You collected 340 gold pieces.
You spent 232 gold pieces at shops.

Inventory:

Hand Weapons
 a - a +1 war axe
 l - a +0 scimitar of flaming
 z - the +10 hand axe of World Downfall (weapon) {freeze, *Noise rElec rN+}
   (You bought it in a shop on level 7 of the Dungeon)

   It has been specially enchanted to freeze those struck by it, causing extra
   injury to most foes and up to half again as much damage against particularly
   susceptible opponents.
   It can also slow down cold-blooded creatures.
   It insulates you from electricity.
   It protects you from negative energy.
   It may make noises in combat.
Missiles
 b - 7 poisoned darts (quivered)
 d - 2 throwing nets
Armour
 c - a +0 helmet (worn)
 g - a +0 pair of gloves
 i - a scarf of resistance (worn)
 n - +0 swamp dragon scales (worn)
 w - a +0 tower shield (worn)
 y - a +1 pair of gloves
Jewellery
 h - a +3 ring of strength (left hand)
 B - an amulet of the gourmand (around neck)
Wands
 j - a wand of random effects (9)
 A - a wand of flame (14)
 C - a wand of disintegration (11)
Scrolls
 e - 8 scrolls of identify
 k - a scroll of remove curse
 m - 3 scrolls of immolation
 q - 4 scrolls of teleportation
Potions
 p - a potion of brilliance
 r - a potion of heal wounds
 s - a potion of cancellation
 u - a potion of might {unknown}
 v - 2 potions of flight
 x - a potion of haste {unknown}
 D - 2 potions of ambrosia {unknown}
Comestibles
 f - 23 rations


   Skills:
 + Level 5.6 Fighting
 * Level 13.7 Axes
 + Level 2.7 Throwing
 + Level 4.1 Armour
 + Level 3.9 Dodging
 + Level 1.8 Stealth
 + Level 1.9 Shields


You had 8 spell levels left.
You didn't know any spells.
Your spell library contained the following spells:

 Spells                   Type           Power        Failure   Level  Hunger
 Animate Skeleton         Necr           N/A          100%        1    ##.....
 Pain                     Necr           #...         100%        1    ##.....
 Vampiric Draining        Necr           #.........   100%        3    ####...
 Animate Dead             Necr           N/A          100%        4    #####..
 Agony                    Necr           #.......     100%        5    ######.


Dungeon Overview and Level Annotations

Branches:
Dungeon (8/15)
 Temple: D:4-7         Lair: D:8-11

Altars:
Nemelex Xobeh
Qazlal

Shops:
D:7 (

Annotations:
D:4 2 transporters, Velcatt's ghost, amateur TeSu
D:9 Harold


Message History

The killer bee stings you. The troll closely misses you.
The troll claws you but does no damage. The troll claws you.
The centaur shoots an arrow.
The arrow completely misses the troll.
The arrow barely misses you. The killer bee barely misses you.
Harold hits you with a +2 dire flail of holy wrath.
* * * LOW HITPOINT WARNING * * *
Unknown command.
Unknown command.
It was a potion of resistance.
You feel protected. The killer bee barely misses you.
You block the killer bee's attack. The killer bee stings you!
* * * LOW HITPOINT WARNING * * *
The troll bites you.
* * * LOW HITPOINT WARNING * * *
You block the troll's attack. The troll barely misses you.
The killer bee stings you.
* * * LOW HITPOINT WARNING * * *
Harold hits you with a +2 dire flail of holy wrath!!
You die...

#.. ########..# #..#
#..#
######..##########..####
........................
.......................
#..)........##########
###..................
......yy@............
....(..@T(c..........
.......†.............
.......).............
.....................
.....................
................###
####..#######...# ...
...


You could see Harold, a troll, a centaur and 2 killer bees.

Vanquished Creatures
  Pikel (D:8)
  Maggie (D:7)
  A spriggan (D:8)
  A hungry ghost (D:9)
  A porcupine (D:8)
  2 slaves (D:8)
  A necrophage (D:9)
  An ogre (D:3)
  3 centaurs
  A crocodile (D:8)
  A big kobold (D:7)
  5 bullfrogs
  A gnoll sergeant (D:8)
  3 scorpions
  A killer bee (D:9)
  A centaur zombie (D:6)
  A crimson imp (D:6)
  2 hounds
  A bullfrog zombie (D:6)
  An orc priest (D:6)
  2 orc wizards
  A bullfrog skeleton (D:7)
  2 iguanas
  7 worker ants
  A hound zombie (D:7)
  2 worker ant zombies
  5 gnolls (D:8)
  6 adders
  A shadow imp (D:6)
  An ooze (D:2)
  3 worms
  3 dart slugs
  2 leopard geckos (D:2)
  14 orcs
  9 bats
  3 giant cockroaches
  6 goblins
  5 hobgoblins
  12 jackals
  12 kobolds
  5 quokkas
  3 ball pythons
  2 frilled lizards (D:2)
  A jackal skeleton (D:4)
  7 rats
145 creatures vanquished.

Notes
Turn   | Place    | Note
-------+----------+-------------------------------------------
     0 | D:1      | Lugonue the Hill Orc Gladiator began the quest for the Orb.
     0 | D:1      | Reached XP level 1. HP: 18/18 MP: 1/1
    61 | D:1      | Reached XP level 2. HP: 19/25 MP: 2/2
   550 | D:1      | Found a sparkling altar of Nemelex Xobeh.
   671 | D:2      | Reached skill level 5 in Axes
   671 | D:2      | Reached XP level 3. HP: 24/30 MP: 3/3
  1076 | D:2      | Reached skill level 1 in Armour
  1076 | D:2      | Reached XP level 4. HP: 34/37 MP: 4/4
  1600 | D:3      | Noticed an ogre
  1609 | D:3      | Killed an ogre
  1609 | D:3      | Reached skill level 6 in Axes
  1609 | D:3      | Reached XP level 5. HP: 44/44 MP: 5/5
  2305 | D:4      | Reached XP level 6. HP: 40/51 MP: 6/6
  2364 | D:4      | Reached skill level 7 in Axes
  2375 | D:4      | Reached skill level 1 in Stealth
  2626 | D:4      | Noticed a phantom
  2630 | D:4      | Found a transporter.
  2639 | D:4      | Noticed Velcatt's ghost (amateur TeSu)
  2652 | D:4      | Found a transporter.
  2796 | D:4      | You fall into a shaft and drop 3 floors!
  2822 | D:6      | Reached skill level 8 in Axes
  2822 | D:6      | Reached XP level 7. HP: 30/57 MP: 7/7
  3301 | D:6      | Reached skill level 9 in Axes
  3613 | D:7      | Noticed Maggie
  3628 | D:7      | Killed Maggie
  3628 | D:7      | Reached skill level 10 in Axes
  3628 | D:7      | Reached XP level 8. HP: 55/66 MP: 8/8
  3780 | D:7      | Reached skill level 11 in Axes
  3933 | D:7      | Found Qylun's Antique Weapon Boutique.
  3957 | D:7      | Bought a steaming hand axe for 232 gold pieces
  3959 | D:7      | Identified the +10 hand axe of World Downfall {freeze,
                  | *Noise rElec rN+} (You bought it in a shop on level 7 of
                  | the Dungeon)
  4202 | D:8      | Reached skill level 12 in Axes
  4212 | D:8      | Reached XP level 9. HP: 64/73 MP: 9/9
  4263 | D:8      | Reached skill level 5 in Fighting
  4309 | D:8      | Noticed Pikel
  4321 | D:8      | Killed Pikel
  4321 | D:8      | Reached skill level 13 in Axes
  4321 | D:8      | Reached skill level 1 in Shields
  4423 | D:8      | You fall into a shaft and drop 1 floor!
  4492 | D:9      | Found a stormy altar of Qazlal.
  4619 | D:9      | Noticed Harold
  4627 | D:9      | Noticed a troll
  4639 | D:9      | Demolished by Harold

Levels and vault maps discovered:
D:1:      sevenhm_arrival_forest_fort_small_6, layout_loops_ring
D:2:      layout_basic, first_ration, kennysheep_generic_room_14
D:3:      layout_loops_corners
D:4:      cheibrodos_quashed, layout_loops_ring, gammafunk_ghost_mausoleum
D:6:      layout_loops_ring, minivault_11, grunt_decor_one_mirror
D:7:      layout_rooms, serial_shops, shop, uniq_maggie
D:8:      layout_rooms, grunt_lair_entry_orc_guard_hut, the_bakery, uniq_pikel,
          uniq_grum
D:9:      layout_long_grid, old_standard_altar, uniq_harold

Skill      XL: |  1  2  3  4  5  6  7  8  9 |
---------------+----------------------------+-----
Axes           | 5 6 8 10 12 13 | 13.7
Throwing       | 2 |  2.7
Armour         | 1 2 4 |  4.1
Dodging        | 3 |  3.9
Fighting       | 3 4 5 |  5.6
Stealth        | 1 |  1.8
Shields        | 1 |  1.9

Action                   |  1- 3 |  4- 6 |  7- 9 || total
-------------------------+-------+-------+-------++-------
Melee: War axe           |    65 |   132 |   127 ||   324
       Hand axe          |       |       |    84 ||    84
Throw: Throwing net      |       |     1 |     4 ||     5
       Dart              |       |       |     7 ||     7
  Use: Potion            |       |     4 |     3 ||     7
       Scroll            |       |       |    12 ||    12
 Stab: Held in net/web   |       |     1 |     1 ||     2
       Sleeping          |       |       |     1 ||     1
       Invisible         |       |       |     3 ||     3
  Eat: Chunk             |       |     6 |     6 ||    12
       Ration            |       |       |     1 ||     1
Armor: Leather armour    |    25 |    42 |    13 ||    80
       Swamp dragon scal |       |       |    57 ||    57
Dodge: Dodged            |    47 |    92 |   130 ||   269
Block: Tower shield      |       |       |    53 ||    53

Table legend:
 A = Non-vault XP
 B = Vault XP
 C = Vault XP percentage of total XP
 D = Non-vault monster count
 E = Vault monster count
 F = Vault count percentage of total count
                 A         B        C        D         E       F
            +---------+---------+-------+---------+---------+-------
      Total |    2590 |    1664 |  39.1 |     134 |       9 |   6.3
            +---------+---------+-------+---------+---------+-------
        D:1 |      25 |       0 |   0.0 |      14 |       0 |   0.0
        D:2 |     107 |       4 |   3.6 |      33 |       2 |   5.7
        D:3 |     163 |       0 |   0.0 |      11 |       0 |   0.0
        D:4 |     173 |       0 |   0.0 |      10 |       0 |   0.0
        D:6 |     533 |       0 |   0.0 |      17 |       0 |   0.0
        D:7 |     805 |     379 |  32.0 |      29 |       1 |   3.3
        D:8 |     347 |    1281 |  78.7 |      11 |       6 |  35.3
        D:9 |     437 |       0 |   0.0 |       9 |       0 |   0.0
            +---------+---------+-------+---------+---------+-------
